 Dungeon Crawl Stone Soup version 0.31.0-32-g396128a36d (webtiles) character file.

Game seed: 8372504467128217786

69 mparten the Sneak (level 4, -2/30 HPs)
             Began as a Vampire Earth Elementalist on Mar 31, 2024.
             Slain by a gnoll
             ... wielding a +0 spear
              (5 damage)
             ... on level 2 of the Dungeon.
             The game lasted 00:03:46 (1446 turns).

mparten the Sneak (Vampire Earth Elementalist)      Turns: 1446, Time: 00:03:46

Health: -2/30      AC:  2    Str:  7    XL:     4   Next: 2%
Magic:  4/8        EV: 12    Int: 19    God:
Gold:   113        SH:  0    Dex: 14    Spells: 7/8 levels left

rFire   . . .        f - +2 short sword (flame)
rCold   + . .        (no shield)
rNeg    . . .        a - +0 robe
rPois   .            (no helmet)
rElec   .            (no cloak)
rCorr   .            (no gloves)
SInv    +            (no boots)
Will    .....        d - amulet of magic regeneration
Stlth   +++          k - ring of protection from cold
HPRegen 0.45/turn    (no ring)
MPRegen 0.51/turn

%: no passive effects
@: very slightly contaminated, healing quickly
A: alive, fangs 3, see invisible, vampiric 2
a: Exsanguinate


You were on level 2 of the Dungeon.
You visited 1 branch of the dungeon, and saw 2 of its levels.

You collected 113 gold pieces.

Inventory:

Hand Weapons
 f - a +2 short sword of flaming (weapon)
Armour
 a - a +0 robe (worn)
 j - a +0 buckler
Jewellery
 d - an amulet of magic regeneration (around neck)
 k - a ring of protection from cold (left hand)
 m - an amulet of reflection
Scrolls
 g - a scroll of enchant weapon {unknown}
 i - a scroll of amnesia {unknown}
 l - a scroll of teleportation {unknown}
Potions
 b - a potion of magic
 c - a potion of lignification {unknown}
 e - 3 potions of haste {unknown}
 h - a potion of enlightenment {unknown}


   Skills:
 - Level 2.1 Dodging
 + Level 3.9 Stealth
 * Level 2.8 Spellcasting
 * Level 1.6 Conjurations
 + Level 3.3 Earth Magic


You had 7 spell levels left.
You knew the following spells:

 Your Spells              Type           Power      Damage    Failure   Level
a - Sandblast             Erth           30%        2d9       4%          1

Your spell library contained the following spells:

 Spells                   Type           Power      Damage    Failure   Level
 Magic Dart               Conj           36%        1d4       8%          1
 Searing Ray              Conj           18%        2d5       12%         2
 Passwall                 Erth           15%        N/A       12%         3
 Stone Arrow              Conj/Erth      24%        3d8       17%         3
 Scorch                   Fire           4%         2d5       24%         2
 Brom's Barrelling Bould  Conj/Erth      12%        2d4       50%         4
 Petrify                  Alch/Erth      9%         N/A       61%         4
 Flame Wave               Conj/Fire      5%         2d5       73%         4
 Fulminant Prism          Conj/Alch      2%         3d5       73%         4
 Summon Cactus Giant      Summ           1%         N/A       100%        6


Dungeon Overview and Level Annotations

Branches:
Dungeon (2/15)

Altars:

Shops:
D:2 *


Innate Abilities, Weirdness & Mutations

Your natural rate of healing is accelerated.
You have razor-sharp teeth.
You have supernaturally acute eyesight. (SInv)
You are afflicted with vampirism and can become a bat while bloodless.


Message History

The gnoll hits you from afar with a +0 spear.
You take 2 damage, and have 22/30 hp.
You miscast Sandblast.
You are very lightly contaminated with residual magic.
Nothing appears to happen.
The gnoll closely misses you.
You now have 5/8 mp.
The blast of sand hits the gnoll!
The gnoll is almost dead.
The gnoll hits you from afar with a +0 spear. x2
You take 8 damage, and have 14/30 hp.
MASSIVE DAMAGE!!
You are too injured to fight recklessly!
Casting: Sandblast (safe; 4% risk of failure)
Confirm with . or Enter, or press ? or * to list all spells.
Aiming: Sandblast (safe; 4% risk of failure)
Press: ? - help, Shift-Dir - straight line, f/p - gnoll
Aim: a gnoll, wielding a +0 spear (almost dead, 84% to hit)
The blast of sand misses the gnoll.
The blast of sand hits the hobgoblin.
The hobgoblin is lightly wounded.
The gnoll hits you from afar with a +0 spear.
* * * LOW HITPOINT WARNING * * *
You take 6 damage, and have 8/30 hp.
Casting: Sandblast (safe; 4% risk of failure)
Confirm with . or Enter, or press ? or * to list all spells.
Aiming: Sandblast (safe; 4% risk of failure)
Press: ? - help, Shift-Dir - straight line, f/p - gnoll
Aim: a gnoll, wielding a +0 spear (almost dead, 84% to hit)
The blast of sand hits the gnoll.
The gnoll is almost dead.
The gnoll barely misses you.
The gnoll hits you from afar with a +0 spear!
* * * LOW HITPOINT WARNING * * *
You take 6 damage, and have 2/30 hp.
You now have 4/8 mp.
Casting: Sandblast (safe; 4% risk of failure)
Confirm with . or Enter, or press ? or * to list all spells.
Aiming: Sandblast (safe; 4% risk of failure)
Press: ? - help, Shift-Dir - straight line, f/p - gnoll
Aim: a gnoll, wielding a +0 spear (almost dead, 84% to hit)
The blast of sand misses the gnoll.
The blast of sand misses the hobgoblin.
The gnoll hits you from afar with a +0 spear.
You die...

#.#
#####.###
#<#..)..#
#.#.#.#.#
#.......#
#####.#†###
♣.....#.#
♣♣#####.#
#@# #.# #g#


rg# ..# ..## .. ... You could see a gnoll, a hobgoblin and a rat.

Vanquished Creatures
  2 gnolls
  An adder (D:2)
  2 dart slugs (D:1)
  A ribbon worm (D:2)
  3 endoplasms (D:1)
  3 goblins
  6 hobgoblins
  8 kobolds
  5 bats
  3 rats
34 creatures vanquished.

Notes
Turn   | Place    | Note
-------+----------+-------------------------------------------
     0 | D:1      | mparten the Vampire Earth Elementalist began the quest for
                  | the Orb.
     0 | D:1      | Reached XP level 1. HP: 13/13 MP: 3/3
    30 | D:1      | Found a faded altar of an unknown god.
   131 | D:1      | Reached skill level 1 in Conjurations
   253 | D:1      | Reached XP level 2. HP: 19/19 MP: 1/5
   828 | D:1      | Gained mutation: You are afflicted with vampirism and can
                  | become a bat while bloodless. [Vampire growth]
   828 | D:1      | Reached XP level 3. HP: 24/24 MP: 4/6
  1232 | D:2      | Found Veym's General Store.
  1440 | D:2      | Reached XP level 4. HP: 30/30 MP: 6/8
  1446 | D:2      | Slain by a gnoll

Illustrated notes

Levels and vault maps discovered:
D:1:      mainiacjoe_arrival_oval_in_oval, layout_loops_corners,
          shapermc_ecumenical_altar_starsandcircs
D:2:      layout_basic, serial_forest, infiniplex_forest_end_2,
          infiniplex_forest_straight_3, infiniplex_forest_lined_4_way,
          infiniplex_forest_diagonal, infiniplex_forest_clump_diagonal,
          infiniplex_forest_clump_small, infiniplex_forest_clump_curved,
          infiniplex_forest_lined_2, infiniplex_forest_end_double, serial_shops,
          nicolae_shop_hallway_plus

Skill      XL: |  1 |
---------------+----+-----
Conjurations   | 1 |  1.6
Dodging        | |  2.1
Stealth        | |  3.9
Spellcasting   | |  2.8
Earth Magic    | |  3.3

Action                     |  1- 3 |  4- 6 || total
---------------------------+-------+-------++-------
  Melee: Unarmed           |     1 |       ||     1
         Bite              |     1 |       ||     1
   Cast: Sandblast         |    46 |     6 ||    52
 Armour: Robe              |     2 |     7 ||     9
  Dodge: Dodged            |     6 |     2 ||     8
